Map: Redshift LE

Players

PtitDrogo

  • Race: Protoss Protoss
  • Spawn Location: 7:00

MMA - Winner!

  • Race: Terran Terran
  • Spawn Location: 11:00

Event: HomeStory Cup XVII

VOD

Have the link to the VOD?

Description

Time

  • Played on: June 29, 2018, 11:32 a.m.
  • Length: 13:31

All games in this series

Show
View Real Time Build Order
Export as new Build Order

PtitDrogo Protoss 

Build Orders: 1 Gate Expand, Archon Immortal, Blink Stalkers 

Get SALT Encoding   

  12  0:00  Probe  
  13  0:13  Probe  
  14  0:17  Pylon  
  14  0:24  Probe  
  15  0:32  Probe  
  15  0:37  Gateway  
  15  0:40  Probe  
  16  0:45  Assimilator  
  17  0:51  Probe  
  18  1:03  Probe  
  19  1:15  Probe  
  20  1:22  Nexus  
  20  1:32  Cybernetics Core  
  20  1:35  Probe  
  20  1:39  Assimilator  
  22  1:47  Probe  
  22  1:50  Pylon  
  22  1:58  Stalker  
  22  1:59  Probe  
  25  2:09  Warp Gate  
  25  2:11  Probe  
  26  2:23  Probe  
  26  2:24  Twilight Council  
  27  2:32  Probe x2, Stalker  
  31  2:40  Probe  
  31  2:41  Probe  
  32  2:50  Blink, Probe  
  32  2:51  Probe  
  35  3:02  Probe, Stalker  
  38  3:08  Probe  
  39  3:14  Gateway  
  39  3:19  Gateway  
  39  3:22  Probe  
  39  3:24  Probe  
  41  3:32  Stalker  
  43  3:34  Probe  
  44  3:41  Probe  
  44  3:43  Robotics Facility  
  44  3:47  Probe, Pylon  
  46  4:06  Nexus  
  48  4:10  Pylon  
  48  4:14  Stalker  
  48  4:15  Stalker  
  50  4:19  Stalker  
  50  4:21  Probe  
  50  4:22  Probe  
  54  4:25  Observer  
  54  4:27  Shield Battery  
  54  4:30  Shield Battery  
  54  4:35  Probe x2  
  54  4:38  Stalker  
  59  4:44  Pylon  
  59  4:45  Stalker  
  61  4:48  Probe  
  62  5:01  Assimilator  
  62  5:02  Probe, Observer  
  62  5:05  Probe  
  63  5:13  Forge  
  63  5:14  Probe  
  64  5:15  Forge, Stalker  
  64  5:17  Stalker  
  64  5:19  Probe  
  69  5:22  Assimilator  
  69  5:34  Probe x3  
  72  5:38  Observer  
  72  5:39  Protoss Ground Armor Level 1, Protoss Ground Weapons Level 1  
  72  5:41  Pylon  
  71  5:46  Probe x2  
  71  5:49  Gateway  
  72  5:50  Gateway x2  
  72  5:56  Gateway  
  70  6:07  Probe x2  
  70  6:08  Probe  
  73  6:13  Sentry, Charge  
  73  6:14  Zealot x2  
  73  6:18  Gateway  
  79  6:19  Gateway  
  80  6:25  Probe  
  80  6:31  Probe  
  82  6:40  Probe x2  
  82  6:41  Pylon  
  82  6:43  Probe  
  82  6:44  Pylon  
  82  6:45  Pylon  
  84  6:52  Probe, Stalker x4  
  93  7:13  Immortal  
  93  7:15  Probe x3  
  100  7:17  Assimilator  
  100  7:18  Assimilator  
  100  7:22  Templar Archives  
  100  7:23  Protoss Ground Weapons Level 2, Protoss Ground Armor Level 2  
  100  7:28  Zealot x8  
  114  7:40  Stalker  
  114  7:42  Pylon  
  116  7:46  Pylon  
  116  8:01  Immortal  
  116  8:04  High Templar x2  
  116  8:05  Zealot x4  
  132  8:15  Pylon  
  132  8:16  Pylon x2  
  132  8:17  Pylon  
  130  8:27  Zealot  
  128  8:37  High Templar  
  128  8:39  High Templar x2  
  128  8:40  Zealot x5  
  128  8:41  Archon  
  144  8:45  Pylon  
  144  8:46  Immortal  
  144  8:55  Archon  
  144  9:02  High Templar x2, Zealot x4  
  158  9:06  Pylon  
  158  9:07  Pylon  
  158  9:09  Archon  
  160  9:22  Zealot x6  
  160  9:23  Zealot  
  117  9:31  Protoss Ground Weapons Level 3  
  117  9:35  Stalker x2  
  103  9:44  Stalker x6  
  93  9:47  Protoss Ground Armor Level 3  
  93  9:49  Immortal  
  87  10:00  High Templar x2  
  87  10:06  Archon  
  91  10:14  Nexus  
  91  10:17  Pylon  
  91  10:30  Immortal  
  91  10:32  Probe x2  
  93  10:42  Sentry  
  99  10:43  High Templar x2  
  99  10:44  Observer, Zealot x5  
  113  10:54  Archon  
  113  10:59  Stalker  
  115  11:09  Immortal, Stalker x4  
  127  11:21  Stalker x3  
  125  11:40  High Templar x2, Stalker x3  
  125  11:41  Zealot  
  135  11:47  Archon  
  135  11:52  Zealot x3  
  141  11:54  Warp Prism  
  143  12:03  Probe x2  
  143  12:10  High Templar x2  
  143  12:14  Zealot x7  
  143  12:15  Archon  
  157  12:23  Gateway x2  
  157  12:37  Stalker x7  
  167  12:54  Zealot x2  
  169  13:01  Zealot x7  
  138  13:19  Stalker x2  
  71  13:29  Stalker x5  
  71  13:30  Stalker x2  
Show
View Real Time Build Order
Export as new Build Order

MMA Terran - Winner!

Build Orders: Gas First Reaper Expand, Reaper Expand, MMM Bio, Banshee Rush 

Get SALT Encoding   

  12  0:00  SCV  
  13  0:12  SCV  
  14  0:17  Supply Depot  
  14  0:24  SCV  
  15  0:29  Refinery  
  15  0:38  SCV  
  16  0:43  Barracks  
  16  0:50  SCV  
  17  1:02  SCV  
  18  1:14  SCV  
  19  1:30  Orbital Command, Reaper  
  20  1:44  Command Center  
  20  1:53  Factory  
  20  1:56  SCV  
  21  2:02  Refinery  
  21  2:05  Barracks Reactor  
  21  2:08  SCV  
  22  2:13  Supply Depot  
  22  2:20  SCV  
  23  2:35  SCV  
  24  2:38  Starport  
  24  2:40  Widow Mine  
  24  2:41  Marine  
  24  2:42  Marine  
  28  2:47  SCV  
  29  2:56  Orbital Command  
  29  2:59  SCV  
  29  3:01  Marine x2  
  29  3:03  Factory Tech Lab  
  32  3:11  SCV  
  33  3:19  Marine x2  
  35  3:23  SCV  
  35  3:24  Cloaking Field, SCV  
  37  3:27  Banshee  
  40  3:35  Factory Tech Lab  
  40  3:36  SCV x2  
  40  3:40  Supply Depot  
  42  3:43  Marine x2  
  44  3:48  SCV  
  44  3:49  SCV  
  44  3:53  Supply Depot  
  46  4:02  SCV x2, Marine x2, Siege Tank  
  53  4:14  Supply Depot, Banshee  
  56  4:18  SCV x2  
  56  4:20  Marine x2  
  60  4:33  SCV  
  60  4:34  SCV  
  60  4:38  Command Center  
  62  4:44  Marine x2, Siege Tank  
  67  4:50  SCV x2  
  67  4:51  Barracks x2  
  69  5:02  Marine  
  69  5:04  Marine  
  68  5:07  Raven  
  68  5:11  Refinery, Supply Depot  
  68  5:12  Refinery  
  70  5:18  Supply Depot  
  70  5:24  SCV  
  70  5:25  Engineering Bay  
  70  5:27  Engineering Bay  
  70  5:32  Marine x2  
  70  5:33  SCV  
  70  5:35  Supply Depot  
  73  5:36  SCV  
  73  5:37  Factory Reactor  
  72  5:45  SCV  
  72  5:48  SCV  
  74  5:50  Orbital Command  
  75  5:57  Starport Reactor, SCV  
  75  6:00  SCV  
  75  6:01  Stimpack  
  75  6:03  Terran Infantry Weapons Level 1  
  76  6:07  Marine  
  76  6:08  Marine x3  
  76  6:09  Terran Infantry Armor Level 1, SCV  
  81  6:12  SCV  
  81  6:17  Barracks  
  82  6:21  SCV  
  83  6:25  Marine x2  
  83  6:26  Marauder x2, Barracks  
  83  6:28  SCV  
  83  6:30  Widow Mine x2  
  83  6:31  Orbital Command  
  93  6:36  Supply Depot  
  93  6:37  Supply Depot  
  93  6:40  SCV x2  
  93  6:43  Marine x2  
  97  6:47  Marauder  
  97  6:48  Marauder  
  97  6:49  Medivac  
  97  6:50  Medivac, Supply Depot x2  
  97  6:52  SCV x2  
  107  6:58  SCV  
  108  7:02  Armory  
  108  7:04  SCV x2  
  108  7:05  Marine  
  108  7:06  Marine  
  108  7:08  Barracks Tech Lab  
  109  7:09  Marauder x2  
  113  7:16  SCV x2  
  113  7:18  Barracks Tech Lab  
  113  7:20  Refinery x2  
  114  7:24  SCV  
  114  7:27  Marauder  
  114  7:28  SCV  
  118  7:33  SCV  
  118  7:36  SCV  
  120  7:39  Marauder x2  
  120  7:40  Marine x2  
  120  7:41  Combat Shields, Marauder, SCV  
  120  7:42  Concussive Shells  
  120  7:43  Widow Mine x2  
  133  7:45  Medivac  
  135  7:55  Marauder  
  135  7:56  Supply Depot x2  
  136  8:00  Marine x2, Marauder x2  
  136  8:02  Marauder  
  136  8:03  SCV x2  
  136  8:04  SCV  
  147  8:09  Widow Mine x2, Medivac  
  153  8:15  Medivac, SCV  
  155  8:21  Supply Depot, SCV  
  155  8:22  Supply Depot, SCV  
  155  8:23  Supply Depot  
  155  8:29  Marauder x4  
  155  8:31  Marine x2  
  161  8:36  Terran Infantry Weapons Level 2  
  161  8:39  Terran Infantry Armor Level 2  
  161  8:48  Liberator x2  
  161  8:49  Marine x2  
  161  8:50  Marauder x2  
  161  8:51  Marauder  
  169  8:59  Supply Depot  
  169  9:01  Ghost Academy  
  169  9:05  Widow Mine x2  
  177  9:24  Marine x2, Marauder x3  
  168  9:26  Marine  
  168  9:29  Widow Mine x2  
  136  9:41  Marine x2  
  136  9:44  Marauder  
  132  9:45  Marauder x2  
  132  9:46  Marauder  
  132  9:48  Medivac x2  
  132  9:50  Widow Mine x2  
  128  9:59  Marine x2  
  121  10:01  Liberator x2  
  121  10:05  Marauder  
  121  10:07  Marauder x3  
  133  10:14  Widow Mine x2  
  133  10:17  Barracks x2  
  133  10:20  Command Center  
  138  10:29  Marauder x4, Marine x2  
  148  10:42  Widow Mine x2  
  152  10:45  Fusion Core  
  152  10:46  Starport, Terran Ship Weapons Level 1  
  152  10:47  SCV  
  152  10:48  SCV x2  
  155  10:50  Marauder x3  
  163  10:57  Marauder  
  163  11:06  Marine x3  
  163  11:07  Barracks Reactor  
  163  11:11  Ghost x3  
  165  11:30  Ghost  
  165  11:31  Marine x2  
  165  11:32  Liberator  
  170  11:39  Ghost x2  
  169  11:40  Marine  
  174  11:49  Widow Mine x2  
  181  11:56  Command Center  
  181  11:57  SCV x2  
  181  11:58  SCV  
  179  12:02  Marine x2, Marauder  
  179  12:03  Marauder  
  179  12:04  Command Center  
  185  12:08  Marauder  
  185  12:13  Marauder  
  185  12:14  Liberator  
  185  12:15  Liberator  
  185  12:22  Marine x3  
  187  12:23  Barracks Tech Lab, Starport Tech Lab  
  187  12:24  Orbital Command, Marauder x2  
  193  12:30  Marauder  
  188  13:12  Marine x2  
Tags
 
Add a new tag
Caveats
  • Supply blocks, unpowered buildings, or Contaminate may cause inaccurate times.
  • Supply counts are checked every 10 seconds.